MLB
WASHINGTON NATIONALS @ NEW YORK METS
06/05/2099
 
TOP OF THE 1ST
Washington Nationals batting - Pitching for New York Mets : LHP Mike White
Pitching: LHP Mike White
Batting: RHB Alan Cecil 0-0: Fly out, F6 (Line Drive, 6, EV 71.3 MPH)
Batting: RHB Luis Rivera 0-0: Ground out 1-3 (Groundball, 13S, EV 75.0 MPH)
Batting: LHB Bubba Main 0-0: Ball
1-0: Called Strike
1-1: Ball
2-1: Foul Ball, location: 2F
2-2: Foul Ball, location: 2F
2-2: Foul Ball, location: 2F
2-2: Strikes out swinging
Top of the 1st over - 0 runs, 0 hits, 0 errors, 0 left on base; Washington 0 - New York 0
BOTTOM OF THE 1ST
New York Mets batting - Pitching for Washington Nationals : LHP Manny Arellano
Pitching: LHP Manny Arellano
Batting: RHB Jose de la Rosa 0-0: Foul Ball, location: 3SF
0-1: Called Strike
0-2: Ball
1-2: Ball
2-2: Strikes out swinging
Batting: LHB Omar Gomez 0-0: Called Strike
0-1: SINGLE (Groundball, 34D, EV 97.5 MPH)
Batting: RHB Jimmy Moore 0-0: Called Strike
0-1: Ball
1-1: Foul Ball, location: 2F
1-2: Ball
2-2: Ground out 6-3 (Groundball, P, EV 80.6 MPH)
Omar Gomez to second
Batting: LHB Bill Hayden 0-0: Called Strike
0-1: Fly out, F7 (Flyball, 7LS, EV 94.4 MPH)
Bottom of the 1st over - 0 runs, 1 hit, 0 errors, 1 left on base; Washington 0 - New York 0
TOP OF THE 2ND
Washington Nationals batting - Pitching for New York Mets : LHP Mike White
Batting: RHB Jon Young 0-0: Called Strike
0-1: Ball
1-1: Ball
2-1: Ball
3-1: Swinging Strike
3-2: Foul Ball, location: 5F, Error on foul ball, E5
3-2: Strikes out swinging
Batting: RHB Mario Garcia 0-0: Ball
1-0: Ball
2-0: Ball
3-0: Base on Balls
Batting: RHB Isaiah Williams 0-0: Foul Ball, location: 7LMF
0-1: Ball
1-1: Ball
2-1: Swinging Strike
2-2: Strikes out swinging
Batting: RHB David Hampton 0-0: Called Strike
0-1: Ground out 4-3 (Groundball, 4, EV 84.4 MPH)
Top of the 2nd over - 0 runs, 0 hits, 1 error, 1 left on base; Washington 0 - New York 0
BOTTOM OF THE 2ND
New York Mets batting - Pitching for Washington Nationals : LHP Manny Arellano
Batting: RHB Jeff Hestermann 0-0: Ball
1-0: Foul Ball, location: 5F
1-1: Ball
2-1: Ball
3-1: Base on Balls
Batting: LHB Jason Nielsen 0-0: Called Strike
0-1: Foul Ball, location: 2F
0-2: Strikes out swinging
Batting: RHB Danny Butzlaff 0-0: Swinging Strike
0-1: Ball
1-1: Ball
2-1: Called Strike
2-2: Strikes out swinging
Batting: RHB Tim Kingsley 0-0: Ball
1-0: Ground out 2-3 (Groundball, 2L, EV 63.1 MPH)
Bottom of the 2nd over - 0 runs, 0 hits, 0 errors, 1 left on base; Washington 0 - New York 0
TOP OF THE 3RD
Washington Nationals batting - Pitching for New York Mets : LHP Mike White
Batting: SHB Kyle Spencer 0-0: Called Strike
0-1: Foul Ball, location: 2F
0-2: SINGLE (Line Drive, 7S, EV 86.9 MPH)
Batting: RHB Matt Campbell 0-0: Fly out, F6 (Popup, 6M, EV 51.3 MPH)
Batting: RHB Alan Cecil 0-0: Ball
1-0: Called Strike
1-1: Swinging Strike
1-2: Strikes out looking
Batting: RHB Luis Rivera 0-0: Ball
1-0: Ball
2-0: Ball
3-0: Foul Ball, location: 2F
3-1: Ground out 1-3 (Groundball, 34S, EV 69.4 MPH)
Top of the 3rd over - 0 runs, 1 hit, 0 errors, 1 left on base; Washington 0 - New York 0
BOTTOM OF THE 3RD
New York Mets batting - Pitching for Washington Nationals : LHP Manny Arellano
Batting: LHB Chao Siew 0-0: Foul Ball, location: 3F
0-1: Foul Ball, location: 2RF
0-2: Strikes out swinging
Batting: RHB Jose de la Rosa 0-0: Called Strike
0-1: Ball
1-1: Foul Ball, location: 2F
1-2: Foul Ball, location: 7LMF
1-2: Strikes out swinging
Batting: LHB Omar Gomez 0-0: Called Strike
0-1: Ball
1-1: Ball
2-1: Foul Ball, location: 2F
2-2: Foul Ball, location: 2F
2-2: Ground out 4-3 (Groundball, 4, EV 88.1 MPH)
Bottom of the 3rd over - 0 runs, 0 hits, 0 errors, 0 left on base; Washington 0 - New York 0
TOP OF THE 4TH
Washington Nationals batting - Pitching for New York Mets : LHP Mike White
Batting: LHB Bubba Main 0-0: Fly out, F7 (Flyball, 7, EV 96.3 MPH)
Batting: RHB Jon Young 0-0: Ball
1-0: Fly out, F9 (Flyball, 9D, EV 105.6 MPH)
Batting: RHB Mario Garcia 0-0: Called Strike
0-1: Ball
1-1: Ground out 5-3 (Groundball, 56, EV 79.4 MPH)
Top of the 4th over - 0 runs, 0 hits, 0 errors, 0 left on base; Washington 0 - New York 0
BOTTOM OF THE 4TH
New York Mets batting - Pitching for Washington Nationals : LHP Manny Arellano
Batting: RHB Jimmy Moore 0-0: Called Strike
0-1: Called Strike
0-2: Ball
1-2: Foul Ball, location: 23FF
1-2: Foul Ball, location: 2F
1-2: Ball
2-2: Fly out, F4 (Popup, 34, EV 52.5 MPH)
Batting: LHB Bill Hayden 0-0: Foul Ball, location: 3SF
0-1: Ball
1-1: Ball
2-1: Called Strike
2-2: Ball
3-2: DOUBLE (Line Drive, 8RXD, EV 103.8 MPH)
Batting: RHB Jeff Hestermann 0-0: Foul Ball, location: 25F
0-1: Ball
1-1: Swinging Strike
1-2: Foul Ball, location: 23F
1-2: Fly out, F7 (Line Drive, 7S, EV 97.5 MPH)
Batting: LHB Jason Nielsen 0-0: Foul Ball, location: 2F
0-1: Ball
1-1: Called Strike
1-2: Strikes out looking
Bottom of the 4th over - 0 runs, 1 hit, 0 errors, 1 left on base; Washington 0 - New York 0
TOP OF THE 5TH
Washington Nationals batting - Pitching for New York Mets : LHP Mike White
Batting: RHB Isaiah Williams 0-0: Ball
1-0: Ball
2-0: Called Strike
2-1: Ball
3-1: Foul Ball, location: 5DF
3-2: SINGLE (Groundball, 6M, EV 105.6 MPH) (infield hit)
Batting: RHB David Hampton 0-0: SINGLE (Groundball, 6MD, EV 95.0 MPH)
Isaiah Williams to second
Batting: SHB Kyle Spencer 0-0: Called Strike
0-1: Called Strike
0-2: Ball
1-2: Fly out, F8 (Line Drive, 89M, EV 98.1 MPH)
Runner from 2nd tags up, SAFE at 3rd with throw by CF
Batting: RHB Matt Campbell 0-0: Hit by Pitch
David Hampton to second
Batting: RHB Alan Cecil 0-0: Ball
1-0: Called Strike
1-1: Swinging Strike
1-2: Ball
2-2: Strikes out swinging
Batting: RHB Luis Rivera 0-0: Fly out, F7 (Line Drive, 7S, EV 91.3 MPH)
Top of the 5th over - 0 runs, 2 hits, 0 errors, 3 left on base; Washington 0 - New York 0
BOTTOM OF THE 5TH
New York Mets batting - Pitching for Washington Nationals : LHP Manny Arellano
Batting: RHB Danny Butzlaff 0-0: Ball
1-0: Ball
2-0: Foul Ball, location: 7LSF
2-1: Fly out, F6 (Popup, 6, EV 73.1 MPH)
Batting: RHB Tim Kingsley 0-0: Foul Ball, location: 2F
0-1: Ball
1-1: Ball
2-1: Ground out U3 (Groundball, 34S, EV 79.4 MPH)
Batting: LHB Chao Siew 0-0: Called Strike
0-1: Ball
1-1: Foul Ball, location: 7LDF
1-2: Ball
2-2: Fly out, F3 (Popup, 3SF, EV 83.1 MPH)
Bottom of the 5th over - 0 runs, 0 hits, 0 errors, 0 left on base; Washington 0 - New York 0
TOP OF THE 6TH
Washington Nationals batting - Pitching for New York Mets : LHP Mike White
Batting: LHB Bubba Main 0-0: Ball
1-0: Swinging Strike
1-1: Foul Ball, location: 2F
1-2: Foul Ball, location: 23F
1-2: Strikes out swinging
Batting: RHB Jon Young 0-0: Ground out 6-3 (Groundball, 6M, EV 86.3 MPH)
Batting: RHB Mario Garcia 0-0: Fly out, F7 (Flyball, 78M, EV 87.5 MPH)
Top of the 6th over - 0 runs, 0 hits, 0 errors, 0 left on base; Washington 0 - New York 0
BOTTOM OF THE 6TH
New York Mets batting - Pitching for Washington Nationals : LHP Manny Arellano
Batting: RHB Jose de la Rosa 0-0: Ball
1-0: Foul Ball, location: 5FF
1-1: Foul Ball, location: 2F
1-2: Ball
2-2: Fly out, F9 (Flyball, 9LM, EV 108.8 MPH)
Batting: LHB Omar Gomez 0-0: Foul Ball, location: 2RF
0-1: Called Strike
0-2: Ball
1-2: Fly out, F7 (Flyball, 7D, EV 103.8 MPH)
Batting: RHB Jimmy Moore 0-0: Called Strike
0-1: Swinging Strike
0-2: Strikes out swinging
Bottom of the 6th over - 0 runs, 0 hits, 0 errors, 0 left on base; Washington 0 - New York 0
TOP OF THE 7TH
Washington Nationals batting - Pitching for New York Mets : LHP Mike White
Batting: RHB Isaiah Williams 0-0: Fly out, F3 (Popup, 3SF, EV 63.1 MPH)
Batting: RHB David Hampton 0-0: Ball
1-0: Foul Ball, location: 7LMF
1-1: Swinging Strike
1-2: Strikes out swinging
Batting: SHB Kyle Spencer 0-0: Foul Ball, location: 3F
0-1: Called Strike
0-2: Ball
1-2: Ball
2-2: Ground out 4-3 (Groundball, 34, EV 100.0 MPH)
Top of the 7th over - 0 runs, 0 hits, 0 errors, 0 left on base; Washington 0 - New York 0
BOTTOM OF THE 7TH
New York Mets batting - Pitching for Washington Nationals : LHP Manny Arellano
Pitching: RHP Ricky Maldonado
Batting: LHB Bill Hayden 0-0: SINGLE (Line Drive, 9LM, EV 101.3 MPH)
Batting: RHB Jeff Hestermann 0-0: Ball
1-0: Ball
2-0: Ball
3-0: Foul Ball, location: 2F
3-1: Fly out, F8 (Flyball, 8RM, EV 74.4 MPH)
Batting: LHB Jason Nielsen 0-0: 2-RUN HOME RUN (Flyball, 9D, EV 106.3 MPH), Distance : 426 ft
Batting: RHB Danny Butzlaff 0-0: Ball
1-0: Called Strike
1-1: Ball
2-1: Ball
3-1: Called Strike
3-2: Foul Ball, location: 2F
3-2: Base on Balls
Batting: RHB Tim Kingsley 0-0: Ball
1-0: Swinging Strike
1-1: Ball
2-1: Called Strike
2-2: Ball
3-2: Strikes out swinging
Batting: LHB Chao Siew 0-0: Foul Ball, location: 2F
0-1: Ball
1-1: Ball
2-1: Ball
3-1: Called Strike
3-2: SINGLE (Flyball, 6MD, EV 85.6 MPH)
Danny Butzlaff to second
Danny Butzlaff to third
Batting: RHB Jose de la Rosa 0-0: Foul Ball, location: 2F
0-1: Swinging Strike
0-2: 3-RUN HOME RUN (Flyball, 8LXD, EV 110.0 MPH), Distance : 426 ft
Pitching: RHP Tomas Diaz
Batting: LHB Omar Gomez 0-0: Fly out, F7 (Flyball, 7LM, EV 103.1 MPH)
Bottom of the 7th over - 5 runs, 4 hits, 0 errors, 0 left on base; Washington 0 - New York 5
TOP OF THE 8TH
Washington Nationals batting - Pitching for New York Mets : LHP Mike White
Batting: RHB Matt Campbell 0-0: Called Strike
0-1: Foul Ball, location: 5FF
0-2: Ball
1-2: Strikes out swinging
Batting: RHB Alan Cecil 0-0: Ball
1-0: SINGLE (Line Drive, 89S, EV 92.5 MPH)
Batting: RHB Luis Rivera 0-0: Ball
1-0: Swinging Strike
1-1: Swinging Strike
1-2: Ball
2-2: Strikes out swinging
Batting: LHB Bubba Main 0-0: Ground out 4-3 (Groundball, 4, EV 99.4 MPH)
Top of the 8th over - 0 runs, 1 hit, 0 errors, 1 left on base; Washington 0 - New York 5
BOTTOM OF THE 8TH
New York Mets batting - Pitching for Washington Nationals : RHP Tomas Diaz
Batting: RHB Jimmy Moore 0-0: Ball
1-0: Called Strike
1-1: Foul Ball, location: 5SF
1-2: Ball
2-2: Foul Ball, location: 23FF
2-2: SINGLE (Groundball, 6MD, EV 98.8 MPH)
Batting: LHB Bill Hayden 0-0: Called Strike
0-1: Ball
1-1: Ball
2-1: Foul Ball, location: 7LSF
2-2: SINGLE (Groundball, 4D, EV 100.0 MPH)
Jimmy Moore to second
Runner from 2nd tries for 3rd, OUT! 8-5
Bill Hayden to second
Batting: RHB Jeff Hestermann 0-0: Foul Ball, location: 9LDF
0-1: Fly out, F7 (Flyball, 78D, EV 95.0 MPH)
Batting: LHB Jason Nielsen 0-0: Called Strike
0-1: Ball
1-1: Foul Ball, location: 7LSFF
1-2: Reached on error, E3 (Groundball, 34, EV 88.8 MPH)
Batting: RHB Danny Butzlaff 0-0: Foul Ball, location: 3SF
0-1: Swinging Strike
0-2: Ball
1-2: Ball
2-2: SINGLE (Groundball, 34D, EV 106.3 MPH)
Bill Hayden to third
Jason Nielsen to second
Runner from 3rd tries for Home, SAFE, throw by RF to home
Now in RF: Jason Borden
Batting: RHB Tim Kingsley 0-0: Ball
1-0: Ground out 4-3 (Groundball, 4, EV 102.5 MPH)
Bottom of the 8th over - 1 run, 3 hits, 1 error, 2 left on base; Washington 0 - New York 6
TOP OF THE 9TH
Washington Nationals batting - Pitching for New York Mets : LHP Mike White
Batting: RHB Jon Young 0-0: Ball
1-0: Ball
2-0: Ball
3-0: Base on Balls
Batting: RHB Mario Garcia 0-0: Foul Ball, location: 3F
0-1: Ball
1-1: Ball
2-1: Ball
3-1: SINGLE (Flyball, 8RS, EV 86.9 MPH)
Jon Young to second
Pitching: LHP Rich Cerda
Batting: RHB Jason Borden 0-0: 3-RUN HOME RUN (Flyball, 78XD, EV 104.4 MPH), Distance : 402 ft
Batting: RHB David Hampton 0-0: Called Strike
0-1: Ball
1-1: Foul Ball, location: 5DF
1-2: Ball
2-2: Strikes out swinging
Batting: SHB Kyle Spencer 0-0: Foul Ball, location: 2F
0-1: Ball
1-1: Swinging Strike
1-2: Strikes out swinging
Batting: RHB Matt Campbell 0-0: Called Strike
0-1: Foul Ball, location: 9LMF
0-2: Ball
1-2: Ball
2-2: Ground out 5-3 (Groundball, 56, EV 106.9 MPH)
Top of the 9th over - 3 runs, 2 hits, 0 errors, 0 left on base; Washington 3 - New York 6
Wednesday, May 8th , 2024 - OOTP Baseball 24.11 Build 85